 Dungeon Crawl Stone Soup version 0.27-a0-553-ge0ab5a2769 (webtiles) character file.

Game seed: 1875874853451730236

84 Chiseanne the Magician (level 4, 30/30 HPs)
             Began as a Demonspawn Hedge Wizard on Mar 8, 2021.
             Quit the game on level 2 of the Dungeon.
             The game lasted 00:04:02 (2316 turns).

Chiseanne the Magician (Demonspawn Hedge Wizard)    Turns: 2316, Time: 00:04:02

Health: 30/30      AC:  5    Str: 11    XL:     4   Next: 23%
Magic:  7/10       EV: 12    Int: 16    God:
Gold:   86         SH:  0    Dex: 12    Spells: 10/11 levels left

rFire    . . .     SeeInvis .   h - +0 short sword
rCold    . . .     Faith    .   (no shield)
rNeg     . . .     Spirit   .   b - +0 robe
rPois    .         Reflect  .   c - +0 hat
rElec    .         Harm     .   q - +0 cloak
rCorr    .         Rampage  .   (no gloves)
Will     .....                  (no boots)
Stlth    ++........             j - amulet of magic regeneration
HPRegen  0.10/turn              (no ring)
MPRegen  0.37/turn              (no ring)

@: no status effects
A: talons 1, iridescent scales 1
a: no special abilities


You were on level 2 of the Dungeon.
You visited 1 branch of the dungeon, and saw 2 of its levels.

You collected 86 gold pieces.

Inventory:

Hand Weapons
 h - a +0 short sword (weapon)
Missiles
 a - 26 arrows
 d - 37 bolts
 e - 134 stones
 i - 16 sling bullets
 p - 3 boomerangs
Armour
 b - a +0 robe (worn)
 c - a +0 hat (worn)
 n - a +2 robe of fire resistance
 q - a +0 cloak (worn)
Jewellery
 j - an amulet of magic regeneration (around neck)
Scrolls
 f - 2 scrolls of teleportation {unknown}
 g - 5 scrolls of identify {unknown}
 m - a scroll of amnesia {unknown}
 r - a scroll of fear {unknown}
Potions
 k - a potion of curing {unknown}
 l - a potion of degeneration {unknown}
 o - a potion of lignification {unknown}


   Skills:
 - Level 1.7 Dodging
 - Level 1.7 Stealth
 * Level 4.0 Spellcasting
 * Level 2.9 Conjurations
 - Level 1.0 Summonings
 - Level 0.8 Translocations


You had 10 spell levels left.
You knew the following spells:

 Your Spells              Type           Power      Damage    Failure   Level
a - Magic Dart            Conj           48%        1d5       4%          1

Your spell library contained the following spells:

 Spells                   Type           Power      Damage    Failure   Level
 Call Imp                 Summ           6%         N/A       17%         2
 Blink                    Tloc           N/A        N/A       19%         2
 Slow                     Hex            3%         N/A       26%         2
 Conjure Flame            Conj/Fire      8%         6-21      26%         3
 Mephitic Cloud           Conj/Pois/Air  6%         N/A       32%         3


Dungeon Overview and Level Annotations

Branches:
Dungeon (2/15)

Altars:


Innate Abilities, Weirdness & Mutations

You have sharp toenails.
You are partially covered in iridescent scales. (AC +2)


Message History

Confirm with . or Enter, or press ? or * to list all spells.
Aiming: Magic Dart (safe; 6% risk of failure)
Press: ? - help, Shift-Dir - straight line, f/p - Jessica
Aim: Jessica, wearing a +0 robe (moderately wounded, fast, 0% to evade)
The magic dart hits Jessica.
Jessica is heavily wounded.
Casting: Magic Dart (safe; 6% risk of failure)
Confirm with . or Enter, or press ? or * to list all spells.
Aiming: Magic Dart (safe; 6% risk of failure)
Press: ? - help, Shift-Dir - straight line, f/p - Jessica
Aim: Jessica, wearing a +0 robe (heavily wounded, fast, 0% to evade)
The magic dart hits Jessica but does no damage.
Jessica is heavily wounded.
Jessica barely misses you.
Jessica casts a spell.
Jessica blinks!
Casting: Magic Dart (safe; 6% risk of failure)
Confirm with . or Enter, or press ? or * to list all spells.
Aiming: Magic Dart (safe; 6% risk of failure)
Press: ? - help, Shift-Dir - straight line, f/p - Jessica
Aim: Jessica, wearing a +0 robe (heavily wounded, fast, 0% to evade)
The magic dart hits Jessica.
Jessica is almost dead.
Jessica gestures wildly while chanting.
Jessica blinks!
Jessica looks very angry.
Casting: Magic Dart (safe; 6% risk of failure)
Confirm with . or Enter, or press ? or * to list all spells.
Aiming: Magic Dart (safe; 6% risk of failure)
Press: ? - help, Shift-Dir - straight line, f/p - Jessica
Aim: Jessica, wearing a +0 robe (almost dead, fast, 0% to evade)
The magic dart hits Jessica.
You kill Jessica!
Your Spellcasting skill increases to level 4!
You have reached level 4!
You feel stronger.
Your demonic ancestry asserts itself...
Your toenails lengthen and sharpen.
You see here a +0 robe.
You now have 86 gold pieces (gained 5).
Are you sure you want to abandon this character and quit the game? (Confirm with "yes".)

#.#
#..........#
###.#.)#####
...........#
####.#####.#
.....#.#.#
###.#.#.#.#
..... #.#
#.#.#.#.#
#.#@#.#.#
#.#...#.#
#.#[###.#
#####...#...#
#.†.>##.#†###
#.#.....#.#
#.#######.#
#.........#
###########


There were no monsters in sight!

Vanquished Creatures
  Jessica (D:2)
  2 adders (D:2)
  An ooze (D:1)
  A dart slug (D:1)
  An orc (D:2)
  A ball python (D:1)
  7 bats (D:1)
  A giant cockroach (D:1)
  3 goblins
  2 hobgoblins (D:1)
  4 jackals (D:1)
  2 kobolds
  3 frilled lizards (D:1)
  3 rats
32 creatures vanquished.

Notes
Turn   | Place    | Note
-------+----------+-------------------------------------------
     0 | D:1      | Chiseanne the Demonspawn Hedge Wizard began the quest for
                  | the Orb.
     0 | D:1      | Reached XP level 1. HP: 13/13 MP: 4/4
   328 | D:1      | Gained mutation: You are partially covered in iridescent
                  | scales. (AC +2) [demonic ancestry]
   328 | D:1      | Reached XP level 2. HP: 19/19 MP: 1/6
  1130 | D:1      | Reached XP level 3. HP: 24/24 MP: 5/8
  2305 | D:2      | Noticed Jessica
  2311 | D:2      | Killed Jessica
  2312 | D:2      | Reached skill level 4 in Spellcasting
  2312 | D:2      | Gained mutation: You have sharp toenails. [demonic
                  | ancestry]
  2312 | D:2      | Reached XP level 4. HP: 30/30 MP: 6/10
  2316 | D:2      | Quit the game

Illustrated notes

Levels and vault maps discovered:
D:1:      dpeg_arrival_circle_labyrinth_c, layout_loops_ring, serial_rivers,
          chequers_serial_rivers_micro_a, chequers_serial_rivers_room_a,
          chequers_serial_rivers_small_3, chequers_serial_rivers_large_a
D:2:      layout_basic, uniq_jessica

Skill      XL: |  1  2  3 |
---------------+----------+-----
Conjurations   | 2 |  2.9
Spellcasting   | 4 |  4.0
Dodging        | |  1.7
Stealth        | |  1.7
Summonings     | |  1.0
Translocations | |  0.8

Action                   |  1- 3 |  4- 6 || total
-------------------------+-------+-------++-------
Melee: Short sword       |    25 |       ||    25
 Cast: Magic Dart        |    88 |       ||    88
Armor: Robe              |    18 |       ||    18
Dodge: Dodged            |    46 |       ||    46

Table legend: (Time is in decaauts)
 A = Elapsed time spent in this place.
 B = Non-inter-level travel time spent in this place.
 C = Inter-level travel time spent in this place.
 D = Time resting spent in this place.
 E = Time spent auto-exploring this place.
 F = Levels seen in this place.
 G = Mean time per level.
                   A        B        C        D        E       F      G
               +--------+--------+--------+--------+--------+-----+--------+
         Total |   2334 |   2309 |     25 |    612 |   1480 |   2 | 1167.0 |
       Dungeon |   2334 |   2309 |     25 |    612 |   1480 |   2 | 1167.0 |
               +--------+--------+--------+--------+--------+-----+--------+

Top non-repeatable levels by time:
     D:1: 1847 daAuts
     D:2: 486 daAuts
